 Dungeon Crawl Stone Soup version 0.30-a0-1112-gfb780f5df6 (webtiles) character file.

Game seed: 494090331745398475

294 lunkers the Spear-Bearer (level 6, -24/47 HPs)
             Began as a Meteoran Wanderer on Apr 19, 2023.
             Was a Believer of Lugonu.
             Annihilated by an ogre
             ... wielding a +0 giant spiked club
              (26 damage)
             ... on level 4 of the Dungeon.
             The game lasted 00:04:17 (1602 turns).

lunkers the Spear-Bearer (Meteoran Wanderer)        Turns: 1602, Time: 00:04:17

Health: -24/47     AC:  8    Str: 11    XL:     6   Next: 92%
Magic:  9/9        EV:  8    Int: 14    God:    Lugonu [**....]
Gold:   205        SH:  0    Dex: 18    Spells: 5/5 levels left

rFire   . . .      SeeInvis .    a - +2 spear
rCold   . . .      Faith    .    (no shield)
rNeg    . . .      Spirit   .    r - +0 scale mail {rPois}
rPois   +          Reflect  .    (no helmet)
rElec   .          Rampage  .    g - +0 cloak
rCorr   .                        v - +0 pair of gloves
Will    .....                    (no boots) Stlth
                                 (no amulet)
HPRegen 0.27/turn                (no ring)
MPRegen 0.11/turn                (no ring)

@: glowing
A: sense surroundings 1, otherworldly, glowing, explore regen
a: Renounce Religion, Depart the Abyss, Banish


You were on level 4 of the Dungeon.
You worshipped Lugonu.
Lugonu was pleased with you.
You visited 1 branch of the dungeon, and saw 4 of its levels.

You collected 205 gold pieces.

Inventory:

Hand Weapons
 a - a +2 spear (weapon)
 b - a +0 short sword
Armour
 e - a +0 robe
 g - a +0 cloak (worn)
 r - a +0 scale mail of poison resistance (worn)
 v - a +0 pair of gloves (worn)
Jewellery
 m - a +6 ring of intelligence
Wands
 c - a wand of flame (1)
Scrolls
 d - 4 scrolls of fear
 f - a scroll of enchant weapon {unknown}
 h - a scroll of identify
 i - 2 scrolls of teleportation {unknown}
 j - a scroll of magic mapping {unknown}
 q - a scroll of torment {unknown}
 s - a scroll of enchant armour {unknown}
 u - a scroll of fog {unknown}
Potions
 k - a potion of might
 l - a potion of flight
 n - a potion of heal wounds
 o - a potion of berserk rage
 p - 2 potions of mutation
 t - 2 potions of ambrosia


   Skills:
 - Level 1.1 Fighting
 - Level 1.1 Short Blades
 + Level 8.8 Polearms
 + Level 3.9 Invocations
 - Level 3.6 Evocations


You had 5 spell levels left.
You didn't know any spells.
Your spell library contained the following spells:

 Spells                   Type           Power      Damage    Failure   Level
 Necrotise                Necr           0%         1d4       88%         1
 Lesser Beckoning         Tloc           0%         N/A       95%         2
 Gell's Gravitas          Tloc           0%         N/A       99%         3
 Teleport Other           Tloc           0%         N/A       99%         3
 Vampiric Draining        Necr           0%         2d6       99%         3
 Agony                    Necr           0%         N/A       100%        5


Dungeon Overview and Level Annotations

Branches:
Dungeon (4/15) Zot: 861    Temple (0/1) D:4

Altars:
Lugonu

Shops:
D:3 (


Innate Abilities, Weirdness & Mutations

You passively map a small area around you.
You are easily found by Zot.
You glow in the dark.
You regain HP and MP as you explore.


Message History

You puncture the adder!
You kill the adder!
Lugonu accepts your kill.
You hit the ogre but do no damage.
The ogre is moderately wounded.
The ogre hits you with a +0 giant spiked club!!
* * * LOW HITPOINT WARNING * * *
Reach: a) +2 spear
Press: ? - help, Dir - move target, f/p - ogre
Aim: an ogre, wielding a +0 giant spiked club (moderately wounded, about 20% to evade your +2 spear)
You hit the ogre.
The ogre is heavily wounded.
Unknown command.
Reach: a) +2 spear
Press: ? - help, Dir - move target, f/p - ogre
Aim: an ogre, wielding a +0 giant spiked club (heavily wounded, about 20% to evade your +2 spear)
You hit the ogre.
The ogre is heavily wounded.
Unknown command.
Reach: a) +2 spear
Press: ? - help, Dir - move target, f/p - ogre
Aim: an ogre, wielding a +0 giant spiked club (heavily wounded, about 20% to evade your +2 spear)
You hit the ogre.
The ogre is severely wounded.
The ogre hits you with a +0 giant spiked club!!
Ouch! That really hurt!
* * * LOW HITPOINT WARNING * * *
Reach: a) +2 spear
Press: ? - help, Dir - move target, f/p - ogre
Aim: an ogre, wielding a +0 giant spiked club (severely wounded, about 20% to evade your +2 spear)
You closely miss the ogre.
The ogre is severely wounded.
Reach: a) +2 spear
Press: ? - help, Dir - move target, f/p - ogre
Aim: an ogre, wielding a +0 giant spiked club (severely wounded, about 20% to evade your +2 spear)
You hit the ogre. You punch the ogre.
The ogre is almost dead.
The ogre hits you with a +0 giant spiked club!!
Ouch! That really hurt!
You die...

...# #..... * ,
...... ### ...b..
*##.### ,, ,
#..>. ##..<.#*
#....##.....#.# ,
,#.............#*
#..##..........#
* *,
#@..........#
*#†O...#...### ,,
...##..#.#.# ,, ,
, ...######### *
...## , #..#* ###


You could see an ogre.

Vanquished Creatures
  A scorpion (D:2)
  A hound (D:3)
  Jessica (D:3)
  Terence (D:3)
  4 gnolls (D:3)
  6 adders
  A worm (D:2)
  3 dart slugs
  5 bats
  6 endoplasms
  5 goblins
  5 hobgoblins
  8 jackals
  2 kobolds
  A quokka (D:3)
  3 ball pythons
  2 frilled lizards (D:1)
  4 rats
59 creatures vanquished.

Notes
Turn   | Place    | Note
-------+----------+-------------------------------------------
     0 | D:1      | lunkers the Meteoran Wanderer began the quest for the Orb.
     0 | D:1      | lunkers set off with the following items: a +2 spear, a +0
                  | short sword, a wand of flame (4), a scroll of fear, a +0
                  | robe.
     0 | D:1      | Reached XP level 1. HP: 16/16 MP: 2/2
    79 | D:1      | Reached XP level 2. HP: 23/23 MP: 3/3
   153 | D:1      | Reached XP level 3. HP: 26/28 MP: 4/4
   529 | D:2      | Noticed a scorpion
   542 | D:2      | Killed a scorpion
   543 | D:2      | Reached skill level 7 in Polearms
   543 | D:2      | Reached XP level 4. HP: 13/35 MP: 5/5
   607 | D:2      | Reached XP level 5. HP: 36/40 MP: 6/6
   718 | D:2      | Found a faded altar of an unknown god.
   724 | D:2      | Prayed at the altar of an unknown god.
   724 | D:2      | Became a worshipper of Lugonu the Unformed
   724 | D:2      | Reached * piety under Lugonu
   793 | D:2      | Reached skill level 8 in Polearms
   799 | D:2      | Reached skill level 1 in Invocations
  1132 | D:2      | Glimpsed the power of Zot.
  1145 | D:3      | Noticed Terence
  1150 | D:3      | Killed Terence
  1205 | D:3      | Noticed Jessica
  1225 | D:3      | Killed Jessica
  1226 | D:3      | Reached XP level 6. HP: 44/47 MP: 7/9
  1228 | D:3      | Found Tistreuf's Weapon Shop.
  1234 | D:3      | Reached ** piety under Lugonu
  1590 | D:4      | Noticed an ogre
  1591 | D:4      | Found a staircase to the Ecumenical Temple.
  1600 | D:4      | HP: 2/47 [ogre/+0 giant spiked club (27)]
  1602 | D:4      | Annihilated by an ogre

Illustrated notes

Levels and vault maps discovered:
D:1:      heliophobic_arrival_battle_scene, layout_rooms, dreamdust_wishing_well
D:2:      layout_basic, dreamdust_ecumenical_altar_angels_and_demons,
          serial_rivers, chequers_serial_rivers_small_3,
          chequers_serial_rivers_micro_d, chequers_serial_rivers_micro_a,
          chequers_serial_rivers_room_b, chequers_serial_rivers_large_a,
          kennysheep_generic_room_12
D:3:      layout_rooms, serial_shops, shop, uniq_terence, uniq_jessica
D:4:      layout_cave_pools, lemuel_coloured_pillars_altar,
          minmay_temple_entry_butterflies, kennysheep_generic_room_13,
          uniq_edmund, uniq_ijyb, uniq_natasha, uniq_grinder

Skill      XL: |  1  2  3  4  5  6 |
---------------+-------------------+-----
Polearms       | 7 8 |  8.8
Invocations    | 2 3 |  3.9
Fighting       | |  1.1
Short Blades   | |  1.1
Evocations     | |  3.6

Action                     |  1- 3 |  4- 6 || total
---------------------------+-------+-------++-------
  Melee: Spear             |    68 |   173 ||   241
         Punch             |       |     2 ||     2
  Evoke: Wand              |       |     3 ||     3
    Use: Scroll            |       |     5 ||     5
 Armour: Robe              |    12 |    15 ||    27
         Scale mail        |       |    22 ||    22
  Dodge: Dodged            |    14 |    41 ||    55

Table legend: (Time is in decaauts)
 A = Elapsed time spent in this place.
 B = Non-inter-level travel time spent in this place.
 C = Inter-level travel time spent in this place.
 D = Time resting spent in this place.
 E = Time spent auto-exploring this place.
 F = Levels seen in this place.
 G = Mean time per level.
                   A        B        C        D        E       F      G
               +--------+--------+--------+--------+--------+-----+--------+
         Total |   1538 |   1444 |     94 |      0 |   1031 |   4 |  384.5 |
       Dungeon |   1538 |   1444 |     94 |      0 |   1031 |   4 |  384.5 |
               +--------+--------+--------+--------+--------+-----+--------+

Top non-repeatable levels by time:
     D:2: 653 daAuts
     D:1: 459 daAuts
     D:3: 408 daAuts
     D:4: 17 daAuts
